 Dungeon Crawl Stone Soup version 0.28.0-45-g0d030f2227 (webtiles) character file.

Game seed: 1765549591847054384

2144 DemonSlayer the Firebug (level 9, -2/61 HPs)
             Began as a Demonspawn Fire Elementalist on Apr 20, 2022.
             Was a Believer of Cheibriados.
             Slain by an orc warlord
             ... wielding a +0 long sword
              (30 damage)
             ... in a bailey.
             The game lasted 00:23:49 (8674 turns).

DemonSlayer the Firebug (DsFE)                      Turns: 8674, Time: 00:23:50

Health: -2/61      AC:  5    Str: 15    XL:     9   Next: 9%
Magic:  15/19      EV: 13    Int: 26    God:    Cheibriados [**....]
Gold:   172        SH:  0    Dex: 24    Spells: 9/21 levels left

rFire   . . .      SeeInvis .   l - +0 morningstar
rCold   . . .      Faith    .   (no shield)
rNeg    . . .      Spirit   .   g - +0 leather armour
rPois   .          Reflect  .   (no helmet)
rElec   .          Harm     .   q - +0 cloak
rCorr   .          Rampage  .   (no gloves)
Will    .....                   a - +0 pair of boots
Stlth   +++++.....              n - amulet of regeneration
HPRegen 1.00/turn               e - +4 ring of slaying
MPRegen 0.16/turn               j - +4 ring of slaying

@: very slow
A: thin skeletal structure 2, weakness stinger 1
a: Renounce Religion, Bend Time


You were in a bailey.
You worshipped Cheibriados.
Cheibriados was pleased with you.
You visited 2 branches of the dungeon, and saw 8 of its levels.
You also visited: Bailey.

You collected 238 gold pieces.
You spent 66 gold pieces at shops.

Inventory:

Hand Weapons
 l - a +0 morningstar (weapon)
Missiles
 r - 9 boomerangs
Armour
 a - a +0 pair of boots (worn)
 g - a +0 leather armour (worn)
 q - a +0 cloak (worn)
Jewellery
 e - a +4 ring of slaying (left hand)
 j - a +4 ring of slaying (right hand)
 n - an amulet of regeneration (around neck)
 p - a ring of see invisible
 u - a ring of protection from cold
Wands
 w - a wand of flame (7)
 y - a wand of acid (1) (quivered)
Scrolls
 d - 3 scrolls of fog {unknown}
 f - a scroll of fear
 i - a scroll of enchant armour
 o - 2 scrolls of enchant weapon {unknown}
 t - a scroll of holy word {unknown}
 v - 2 scrolls of teleportation {unknown}
Potions
 b - 2 potions of curing
 c - a potion of lignification
 h - 2 potions of heal wounds {unknown}
 k - a potion of flight
 m - 2 potions of attraction {unknown}
 x - a potion of berserk rage {unknown}


   Skills:
 + Level 2.1 Fighting
 + Level 2.3 Maces & Flails
 + Level 0.1 Throwing
 + Level 2.5 Armour
 + Level 2.5 Dodging
 + Level 2.9 Stealth
 + Level 6.8 Spellcasting
 + Level 1.6 Conjurations
 + Level 7.3 Fire Magic


You had 9 spell levels left.
You knew the following spells:

 Your Spells              Type           Power      Damage    Failure   Level
a - Foxfire               Conj/Fire      100%       2x1d9     1%          1
b - Scorch                Fire           94%        2d10      1%          2
c - Flame Wave            Conj/Fire      32%        2d8       12%         4
d - Blink                 Tloc           16%        N/A       12%         2
e - Summon Guardian Gole  Hex/Summ       9%         N/A       22%         3

Your spell library contained the following spells:

 Spells                   Type           Power      Damage    Failure   Level
 Conjure Flame            Conj/Fire      32%        6-21      3%          3
 Inner Flame              Hex/Fire       28%        N/A       5%          3
 Slow                     Hex            36%        N/A       8%          1
 Summon Small Mammal      Summ           36%        N/A       8%          1
 Call Canine Familiar     Summ           9%         N/A       22%         3
 Confusing Touch          Hex            9%         N/A       22%         3
 Vampiric Draining        Necr           8%         2d6       24%         3
 Manifold Assault         Tloc           8%         N/A       91%         5
 Storm Form               Tmut/Air       4%         N/A       100%        7


Dungeon Overview and Level Annotations

Branches:
Dungeon (7/15)             Temple (1/1) D:5          Bailey (1/1)

Altars:
Ashenzari
Cheibriados
Dithmenos
Fedhas
Gozag
Kikubaaqudgha
Makhleb
Nemelex Xobeh
Okawaru
Qazlal
Ru
Sif Muna
Trog
Uskayaw
Vehumet
Wu Jian
Xom
Yredelemnul
Zin
The Shining One

Shops:
D:4 ?

Annotations:
D:6 Maggie


Innate Abilities, Weirdness & Mutations

You have a moderately thin skeletal structure. (Dex +4, Stealth++)
You have a small tail.


Message History

The orc warlord is lightly wounded.
The bolt of acid hits the orc warlord!!
The orc warlord seems to be corroded for longer.
The orc warlord is moderately wounded.
Flames lash the orc warlord.
The orc warlord is moderately wounded.
The orc warlord's fire resistance burns away.
The bolt of acid hits the orc warlord!
The orc warlord is heavily wounded.
The bolt of acid hits the orc warlord!
The orc warlord seems to be corroded for longer.
The orc warlord is heavily wounded.
You hear a shout!
The orc warlord hits you with a +0 long sword!
The bolt of acid hits the orc warlord!
The orc warlord seems to be corroded for longer.
The orc warlord is heavily wounded.
The orc warlord hits you with a +0 long sword.
The bolt of acid hits the orc warlord!
The orc warlord seems to be corroded for longer.
The orc warlord is severely wounded.
You hear a shout!
The orc warlord hits you but does no damage.
The bolt of acid hits the orc warlord!
The orc warlord is severely wounded.
The orc warlord is no longer more vulnerable to fire.
The orc warlord hits you with a +0 long sword!!
You sock the orc warlord!
The orc warlord is almost dead.
The orc warlord misses you.
An orc warrior comes into view. It is wielding a +0 hand axe.
The orc warlord blocks your attack.
The orc warlord is almost dead.
The orc warlord barely misses you.
The orc warlord roars a battlecry!
The orc warrior goes into a battle-frenzy!
You puncture the orc warlord!
Your tail-slap misses the orc warlord.
The orc warlord is almost dead.
The orc warlord hits you with a +0 long sword!!
You die...

...........#
.....⌠.....#
...o.......#
...........#
#.........##
###.....#'#.##
###.###.....###
..###.........##
.g##8....o.g.o@#
..#8..........#
..'..)..⌠....∩#
#8......)..!#
#8.......).!#
###........!##
###.###.....###
###.....#'#.###
#.........###


You could see an orc warlord (corroded), an orc warrior (strong) and a
hobgoblin.

Vanquished Creatures
  A yak (D:6)
  Menkaure (D:4)
  6 orc warriors (Bailey)
  A black bear (D:4)
  A centaur (D:5)
  Blork the orc (D:4)
  2 bullfrogs
  3 scorpions
  A bullfrog zombie (D:3)
  A centaur zombie (D:6)
  2 hounds
  A gnoll shaman (D:7)
  A jelly (D:5)
  An orc priest (D:4)
  A centaur skeleton (D:5)
  3 iguanas
  A hound zombie (D:5)
  A hound skeleton (D:5)
  6 gnolls
  A howler monkey skeleton (D:6)
  4 adders
  A shadow imp (D:7)
  An adder skeleton (D:5)
  3 worms
  A dart slug (D:2)
  17 orcs
  7 ball pythons
  8 endoplasms
  2 giant cockroaches
  18 goblins
  19 hobgoblins
  2 quokkas
  4 bats
  6 frilled lizards (D:2)
  7 kobolds
  7 rats
143 creatures vanquished.

Vanquished Creatures (others)
  2 orc warriors (Bailey)
  A goblin (Bailey)
  115 foxfires
118 creatures vanquished.

Grand Total: 261 creatures vanquished

Notes
Turn   | Place    | Note
-------+----------+-------------------------------------------
     0 | D:1      | DemonSlayer the Demonspawn Fire Elementalist began the
                  | quest for the Orb.
     0 | D:1      | Reached XP level 1. HP: 13/13 MP: 3/3
   436 | D:1      | Gained mutation: You have a somewhat thin skeletal
                  | structure. (Dex +2, Stealth+) [demonic ancestry]
   436 | D:1      | Reached XP level 2. HP: 19/19 MP: 1/5
   633 | D:1      | Found a faded altar of an unknown god.
   847 | D:1      | Reached skill level 3 in Fire Magic
   887 | D:1      | Learned a level 2 spell: Scorch
   937 | D:2      | Gained mutation: You have a moderately thin skeletal
                  | structure. (Dex +4, Stealth++) [demonic ancestry]
   937 | D:2      | Reached XP level 3. HP: 16/24 MP: 1/6
  2504 | D:3      | Reached XP level 4. HP: 28/30 MP: 8/8
  2842 | D:3      | Reached skill level 1 in Maces & Flails
  3303 | D:3      | Reached XP level 5. HP: 35/35 MP: 6/9
  3659 | D:4      | Learned a level 4 spell: Flame Wave
  4311 | D:4      | Reached skill level 4 in Fire Magic
  4431 | D:4      | Noticed Blork the orc
  4438 | D:4      | Killed Blork the orc
  4439 | D:4      | Reached XP level 6. HP: 41/41 MP: 1/11
  4802 | D:4      | Found Odefez's Magic Scroll Shop.
  4806 | D:4      | Bought a scroll of identify for 24 gold pieces
  4806 | D:4      | Bought a scroll of magic mapping for 42 gold pieces
  4809 | D:4      | Identified a scroll of acquirement
  4812 | D:4      | Acquired an Inescapable Atlas
  4817 | D:4      | Learned a level 2 spell: Blink
  5006 | D:4      | Noticed Menkaure
  5014 | D:4      | Killed Menkaure
  5015 | D:4      | Reached skill level 1 in Armour
  5484 | D:4      | Gained mutation: You have a small tail. [demonic ancestry]
  5484 | D:4      | Reached XP level 7. HP: 34/47 MP: 1/13
  5676 | D:5      | Entered Level 5 of the Dungeon
  5843 | D:5      | Reached skill level 1 in Fighting
  5843 | D:5      | Reached skill level 5 in Fire Magic
  5881 | D:5      | Found a staircase to the Ecumenical Temple.
  5894 | Temple   | Entered the Ecumenical Temple
  5935 | Temple   | Became a worshipper of Cheibriados the Contemplative
  6543 | D:5      | Reached skill level 5 in Spellcasting
  6658 | D:5      | Noticed a yak
  6677 | D:5      | Noticed a yak
  6684 | D:5      | Noticed a yak
  6897 | D:6      | Killed a yak
  6898 | D:6      | Reached XP level 8. HP: 31/54 MP: 1/16
  7243 | D:6      | Learned a level 3 spell: Summon Guardian Golem
  7364 | D:6      | Noticed Maggie
  7483 | D:7      | Found an iron altar of Okawaru.
  7502 | D:7      | Reached skill level 6 in Fire Magic
  7505 | D:7      | Reached * piety under Cheibriados
  7544 | D:7      | Found a flagged portal.
  7665 | Bailey   | Entered a bailey
  7856 | Bailey   | Reached ** piety under Cheibriados
  8193 | Bailey   | HP: 2/56 [orc warrior/+0 battleaxe (10)]
  8195 | Bailey   | Reached skill level 7 in Fire Magic
  8423 | Bailey   | Reached XP level 9. HP: 47/61 MP: 13/19
  8654 | Bailey   | Noticed an orc warlord
  8674 | Bailey   | Slain by an orc warlord

Illustrated notes

Levels and vault maps discovered:
D:1:      amcnicky_arrival_flooded_fountain, layout_basic,
          ebering_ecumenical_altar_petrified,
          amcnicky_mini_rare_corridor_liquid, lemuel_another_geyser
D:2:      layout_loops_corners, minmay_lizard_pond
D:3:      layout_basic, tso_altar
D:4:      layout_basic, serial_shops, nicolae_diamond_shop, uniq_blork_the_orc,
          uniq_menkaure
D:5:      layout_basic, minmay_temple_entry_slanted,
          hangedman_abyss_or_decor_lesser_grid, hangedman_decor_growths,
          nzn_random_ring, uniq_crazy_yiuf_cottage, uniq_prince_ribbit1
D:6:      layout_basic, grunt_ministairs_11, uniq_maggie
D:7:      layout_loops_corners, okawaru_gym_becter,
          mainiacjoe_overflow_small_starburst, enter_bailey_4, uniq_joseph
Temple:   mainiacjoe_temple_coin_purse
Bailey:   bailey_axe_minmay_hex_keep, bailey

Skill      XL: |  1  2  3  4  5  6  7  8 |
---------------+-------------------------+-----
Dodging        | 2 |  2.5
Fire Magic     | 3 4 5 7 |  7.3
Stealth        | 2 |  2.9
Maces & Flails | 1 2 |  2.3
Spellcasting   | 3 4 5 6 |  6.8
Armour         | 1 2 |  2.5
Fighting       | 1 2 |  2.1
Throwing       | |  0.1
Conjurations   | |  1.6

Action                   |  1- 3 |  4- 6 |  7- 9 || total
-------------------------+-------+-------+-------++-------
Melee: Unarmed           |     3 |       |       ||     3
       Mace              |    13 |       |       ||    13
       Club              |     6 |       |       ||     6
       Morningstar       |    18 |    25 |    33 ||    76
       Punch             |     1 |     1 |       ||     2
       Tailslap          |       |       |     4 ||     4
Throw: Boomerang         |       |       |     6 ||     6
 Cast: Foxfire           |    65 |       |     1 ||    66
       Scorch            |     3 |    60 |   111 ||   174
       Summon Guardian G |       |       |     1 ||     1
Evoke: Wand              |       |       |     7 ||     7
  Use: Scroll            |       |     7 |     8 ||    15
       Potion            |       |       |     2 ||     2
 Stab: Sleeping          |     4 |     4 |       ||     8
       Distracted        |       |       |     1 ||     1
Armor: Robe              |    10 |       |       ||    10
       Leather armour    |       |     7 |    31 ||    38
Dodge: Dodged            |    31 |    34 |   104 ||   169
